IL
BUFFALO BISONS @ PAWTUCKET RED SOX
06/20/2098
 
TOP OF THE 1ST
Buffalo Bisons batting - Pitching for Pawtucket Red Sox : RHP John Brooke
Pitching: RHP John Brooke
Batting: RHB Neil Guerrieri 0-0: Called Strike
0-1: Ball
1-1: Ground out 6-3 (Groundball, 6, EV 99.4 MPH)
Batting: RHB John Johansen 0-0: Called Strike
0-1: Ball
1-1: Called Strike
1-2: Foul Ball, location: 2F
1-2: Foul Ball, location: 5SF
1-2: Strikes out swinging
Batting: SHB Matt Gordon 0-0: Ball
1-0: Ball
2-0: Foul Ball, location: 3FF
2-1: Ball
3-1: Called Strike
3-2: Foul Ball, location: 5SF
3-2: Base on Balls
Batting: LHB Ignacio Tirado 0-0: Ball
Matt Gordon steals 2nd base
1-0: Ground out 6-3 (Groundball, 6MD, EV 96.9 MPH)
Top of the 1st over - 0 runs, 0 hits, 0 errors, 1 left on base; Buffalo 0 - Pawtucket 0
BOTTOM OF THE 1ST
Pawtucket Red Sox batting - Pitching for Buffalo Bisons : RHP Dave Eubanks
Pitching: RHP Dave Eubanks
Batting: RHB Ryan Rynard 0-0: Swinging Strike
0-1: Ball
1-1: Ball
2-1: Swinging Strike
2-2: Ball
3-2: Foul Ball, location: 9LMF
3-2: Strikes out swinging
Batting: SHB Chris Pierce 0-0: Swinging Strike
0-1: Foul Ball, location: 2RF
0-2: Ball
1-2: Ball
2-2: Ball
3-2: Ground out 4-3 (Groundball, 4, EV 88.8 MPH)
Batting: LHB Tony Vargas 0-0: SINGLE (Flyball, 5D, EV 96.9 MPH)
Batting: LHB Ryan McFall 0-0: Called Strike
0-1: Foul Ball, location: 5FF
0-2: Fly out, F8 (Flyball, 89D, EV 105.6 MPH)
Bottom of the 1st over - 0 runs, 1 hit, 0 errors, 1 left on base; Buffalo 0 - Pawtucket 0
TOP OF THE 2ND
Buffalo Bisons batting - Pitching for Pawtucket Red Sox : RHP John Brooke
Batting: RHB Nate Maine 0-0: Ball
1-0: Ball
2-0: Ball
3-0: Called Strike
3-1: Base on Balls
Batting: RHB Alden Young 0-0: Swinging Strike
0-1: Called Strike
0-2: Ball
1-2: Ball
2-2: Ball
3-2: Foul Ball, location: 5SF
3-2: SINGLE (Groundball, 6MD, EV 103.8 MPH)
Nate Maine to second
Runner from 2nd tries for 3rd, SAFE, no throw by CF
Batting: LHB Bobby Ehrenreich 0-0: Ball
Alden Young steals 2nd base
1-0: SINGLE (Groundball, 56D, EV 103.1 MPH)
Nate Maine scores
Alden Young to third
Runner from 3rd tries for Home, SAFE, throw by LF to home
Bobby Ehrenreich to second
Batting: SHB Damani Fowlkes 0-0: Foul Ball, location: 2F
0-1: Fly out, F5 (Popup, 25F, EV 85.0 MPH)
Batting: RHB William Taveras 0-0: Called Strike
0-1: Ball
1-1: Ball
2-1: Foul Ball, location: 2RF
2-2: Strikes out looking
Batting: RHB Neil Guerrieri 0-0: Called Strike
0-1: Ball
1-1: Ball
2-1: Swinging Strike
2-2: Foul Ball, location: 2F
2-2: Ground out 6-3 (Groundball, 56, EV 80.0 MPH)
Top of the 2nd over - 2 runs, 2 hits, 0 errors, 1 left on base; Buffalo 2 - Pawtucket 0
BOTTOM OF THE 2ND
Pawtucket Red Sox batting - Pitching for Buffalo Bisons : RHP Dave Eubanks
Batting: RHB Alvaro Madera 0-0: Ball
1-0: Ground out 3-1 (Groundball, 34, EV 99.4 MPH)
Batting: RHB Mark Pearson 0-0: Ball
1-0: Swinging Strike
1-1: Called Strike
1-2: Strikes out swinging
Batting: LHB Justin Scappaticci 0-0: Ball
1-0: Called Strike
1-1: Ground out 6-3 (Groundball, 6, EV 106.3 MPH)
Bottom of the 2nd over - 0 runs, 0 hits, 0 errors, 0 left on base; Buffalo 2 - Pawtucket 0
TOP OF THE 3RD
Buffalo Bisons batting - Pitching for Pawtucket Red Sox : RHP John Brooke
Batting: RHB John Johansen 0-0: Ball
1-0: Foul Ball, location: 7LSF
1-1: Ball
2-1: Foul Ball, location: 7LMF
2-2: SINGLE (Groundball, 34D, EV 94.4 MPH)
Batting: SHB Matt Gordon 0-0: Ball
1-0: Foul Ball, location: 2F
1-1: Foul Ball, location: 7LSF
1-2: Foul Ball, location: 9LMF
1-2: Ball
2-2: Strikes out swinging
Batting: LHB Ignacio Tirado 0-0: Ball
1-0: Called Strike
1-1: Fielders Choice at 2nd, 4-6 (Groundball, 4S, EV 86.9 MPH)
Batting: RHB Nate Maine 0-0: Ball
Ignacio Tirado is caught stealing 2nd base 2-4
Top of the 3rd over - 0 runs, 1 hit, 0 errors, 0 left on base; Buffalo 2 - Pawtucket 0
BOTTOM OF THE 3RD
Pawtucket Red Sox batting - Pitching for Buffalo Bisons : RHP Dave Eubanks
Batting: RHB Carlos Chaidez 0-0: Called Strike
0-1: Swinging Strike
0-2: TRIPLE (Flyball, 9D, EV 103.8 MPH)
Batting: RHB Cortez Peguero 0-0: Called Strike
0-1: Ball
1-1: Fly out, F8 (Flyball, 89M, EV 90.6 MPH)
Batting: RHB Ryan Rynard 0-0: Ball
1-0: Ball
2-0: 2-RUN HOME RUN (Flyball, 78XD, EV 99.4 MPH), Distance : 395 ft
Batting: SHB Chris Pierce 0-0: Swinging Strike
0-1: Ball
1-1: Foul Ball, location: 25F
1-2: Ball
2-2: Foul Ball, location: 3FF
2-2: Ball
3-2: Strikes out swinging
Batting: LHB Tony Vargas 0-0: Ball
1-0: Swinging Strike
1-1: Called Strike
1-2: Strikes out swinging
Bottom of the 3rd over - 2 runs, 2 hits, 0 errors, 0 left on base; Buffalo 2 - Pawtucket 2
TOP OF THE 4TH
Buffalo Bisons batting - Pitching for Pawtucket Red Sox : RHP John Brooke
Batting: RHB Nate Maine 0-0: Ball
1-0: Ball
2-0: Ball
3-0: Base on Balls
Batting: RHB Alden Young 0-0: Called Strike
Nate Maine steals 2nd base
0-1: Called Strike
0-2: Strikes out swinging
Batting: LHB Bobby Ehrenreich 0-0: Swinging Strike
0-1: Ball
1-1: Foul Ball, location: 7LDF
1-2: Ball
2-2: Ball
3-2: Strikes out swinging
Batting: SHB Damani Fowlkes 0-0: Foul Ball, location: 3SF
0-1: Swinging Strike
0-2: Ball
1-2: Strikes out swinging
Top of the 4th over - 0 runs, 0 hits, 0 errors, 1 left on base; Buffalo 2 - Pawtucket 2
BOTTOM OF THE 4TH
Pawtucket Red Sox batting - Pitching for Buffalo Bisons : RHP Dave Eubanks
Batting: LHB Ryan McFall 0-0: Ball
1-0: Foul Ball, location: 2F
1-1: Fly out, F8 (Flyball, 8RD, EV 108.8 MPH)
Batting: RHB Alvaro Madera 0-0: Called Strike
0-1: Foul Ball, location: 9LSFF
0-2: Ball
1-2: Foul Ball, location: 7LMF
1-2: Foul Ball, location: 7LMF
1-2: Ball
2-2: Foul Ball, location: 9LSF
2-2: Foul Ball, location: 2F
2-2: Ground out 4-3 (Groundball, 4M, EV 106.3 MPH)
Batting: RHB Mark Pearson 0-0: Called Strike
0-1: Ball
1-1: Foul Ball, location: 2F
1-2: Foul Ball, location: 2F
1-2: Ball
2-2: Ball
3-2: Strikes out swinging
Bottom of the 4th over - 0 runs, 0 hits, 0 errors, 0 left on base; Buffalo 2 - Pawtucket 2
TOP OF THE 5TH
Buffalo Bisons batting - Pitching for Pawtucket Red Sox : RHP John Brooke
Batting: RHB William Taveras 0-0: Called Strike
0-1: Foul Ball, location: 3F
0-2: Foul Ball, location: 23F
0-2: Strikes out swinging
Batting: RHB Neil Guerrieri 0-0: Called Strike
0-1: Ball
1-1: Called Strike
1-2: Ground out 5-3 (Groundball, 5, EV 98.8 MPH)
Pitching: RHP Larry Harreld
Batting: RHB John Johansen 0-0: Ball
1-0: SINGLE (Groundball, 6MD, EV 103.8 MPH)
Batting: SHB Matt Gordon 0-0: Ball
1-0: DOUBLE (Flyball, 8RXD, EV 106.3 MPH)
John Johansen to third
Runner from 3rd tries for Home, SAFE, no throw by CF
Batting: LHB Ignacio Tirado 0-0: SINGLE (Groundball, 4MD, EV 95.0 MPH)
Matt Gordon to third
Runner from 3rd tries for Home, SAFE, throw by CF to home
Batting: RHB Nate Maine 0-0: DOUBLE (Flyball, 8RXD, EV 97.5 MPH)
Ignacio Tirado to third
Runner from 3rd tries for Home, SAFE, throw by CF to home
Pitching: RHP Joe Colson
Batting: RHB Alden Young 0-0: Ball
1-0: SINGLE (Line Drive, 78S, EV 91.9 MPH)
Nate Maine to third
Runner from 3rd tries for Home, SAFE, throw by LF to home
Batting: LHB Bobby Ehrenreich 0-0: Swinging Strike
0-1: Swinging Strike
0-2: Ball
1-2: Foul Ball, location: 9LSFF
1-2: Foul Ball, location: 7LDF
1-2: Ground out U3 (Groundball, 3L, EV 110.6 MPH)
Top of the 5th over - 4 runs, 5 hits, 0 errors, 1 left on base; Buffalo 6 - Pawtucket 2
BOTTOM OF THE 5TH
Pawtucket Red Sox batting - Pitching for Buffalo Bisons : RHP Dave Eubanks
Batting: LHB Justin Scappaticci 0-0: Called Strike
0-1: Ball
1-1: Ground out 6-3 (Groundball, 6M, EV 87.5 MPH)
Batting: RHB Carlos Chaidez 0-0: Ball
1-0: Foul Ball, location: 9LSF
1-1: Swinging Strike
1-2: Foul Ball, location: 2F
1-2: Ball
2-2: Ball
3-2: Strikes out swinging
Batting: RHB Cortez Peguero 0-0: Fly out, F3 (Line Drive, 3, EV 71.9 MPH)
Bottom of the 5th over - 0 runs, 0 hits, 0 errors, 0 left on base; Buffalo 6 - Pawtucket 2
TOP OF THE 6TH
Buffalo Bisons batting - Pitching for Pawtucket Red Sox : RHP Joe Colson
Batting: SHB Damani Fowlkes 0-0: Ball
1-0: Ball
2-0: DOUBLE (Flyball, 8RXD, EV 111.9 MPH)
Batting: RHB William Taveras 0-0: Called Strike
0-1: Called Strike
0-2: Ball
1-2: Ball
2-2: Ball
3-2: Strikes out swinging
Batting: RHB Neil Guerrieri 0-0: Called Strike
0-1: SINGLE (Line Drive, 8LS, EV 94.4 MPH)
Damani Fowlkes to third
Batting: RHB John Johansen 0-0: Ball
1-0: Called Strike
1-1: Grounds into double play, 5-4-3 (Groundball, 5D, EV 91.9 MPH)
Top of the 6th over - 0 runs, 2 hits, 0 errors, 1 left on base; Buffalo 6 - Pawtucket 2
BOTTOM OF THE 6TH
Pawtucket Red Sox batting - Pitching for Buffalo Bisons : RHP Dave Eubanks
Batting: RHB Ryan Rynard 0-0: Ground out 6-3 (Groundball, 6, EV 103.8 MPH)
Batting: SHB Chris Pierce 0-0: Ball
1-0: Ball
2-0: Ball
3-0: Called Strike
3-1: Foul Ball, location: 7LSF
3-2: Foul Ball, location: 2F
3-2: Foul Ball, location: 2F
3-2: Foul Ball, location: 2F
3-2: Foul Ball, location: 2F
3-2: Foul Ball, location: 5F
3-2: Base on Balls
Pitching: RHP John Bradley
Batting: LHB Tony Vargas 0-0: Foul Ball, location: 7LDF
0-1: Foul Ball, location: 2F
0-2: Ball
1-2: Grounds into double play, 4-6-3 (Groundball, 4S, EV 88.8 MPH)
Bottom of the 6th over - 0 runs, 0 hits, 0 errors, 0 left on base; Buffalo 6 - Pawtucket 2
TOP OF THE 7TH
Buffalo Bisons batting - Pitching for Pawtucket Red Sox : RHP Joe Colson
Batting: SHB Matt Gordon 0-0: Fly out, F9 (Flyball, 9D, EV 111.3 MPH)
Batting: LHB Ignacio Tirado 0-0: Ball
1-0: Called Strike
1-1: Called Strike
1-2: Ball
2-2: Ball
3-2: Foul Ball, location: 2LF
3-2: Base on Balls
Batting: RHB Nate Maine 0-0: Called Strike
0-1: Ball
1-1: Swinging Strike
1-2: Strikes out looking
Batting: RHB Alden Young 0-0: Ball
1-0: Fly out, F7 (Line Drive, 7D, EV 90.0 MPH)
Top of the 7th over - 0 runs, 0 hits, 0 errors, 1 left on base; Buffalo 6 - Pawtucket 2
BOTTOM OF THE 7TH
Pawtucket Red Sox batting - Pitching for Buffalo Bisons : RHP John Bradley
Batting: LHB Ryan McFall 0-0: Ball
1-0: Called Strike
1-1: Swinging Strike
1-2: Strikes out swinging
Batting: RHB Alvaro Madera 0-0: Foul Ball, location: 2F
0-1: Called Strike
0-2: Strikes out looking
Batting: RHB Mark Pearson 0-0: Called Strike
0-1: Ball
1-1: Foul Ball, location: 2F
1-2: Strikes out swinging
Bottom of the 7th over - 0 runs, 0 hits, 0 errors, 0 left on base; Buffalo 6 - Pawtucket 2
TOP OF THE 8TH
Buffalo Bisons batting - Pitching for Pawtucket Red Sox : RHP Joe Colson
Batting: LHB Bobby Ehrenreich 0-0: Ball
1-0: Ball
2-0: Fly out, F8 (Flyball, 8LD, EV 104.4 MPH)
Batting: SHB Damani Fowlkes 0-0: Called Strike
0-1: Ball
1-1: Ball
2-1: Foul Ball, location: 5F
2-2: Foul Ball, location: 2F
2-2: Foul Ball, location: 2F
2-2: Ball
3-2: Base on Balls
Pitching: RHP Jason Moore
Batting: RHB William Taveras 0-0: Called Strike
0-1: Called Strike
0-2: Ball
1-2: Foul Ball, location: 23FF
1-2: Strikes out swinging
Batting: RHB Neil Guerrieri 0-0: Called Strike
0-1: Ball
1-1: Called Strike
1-2: Ball
2-2: Foul Ball, location: 3F
2-2: Foul Ball, location: 2F
2-2: Strikes out swinging
Top of the 8th over - 0 runs, 0 hits, 0 errors, 1 left on base; Buffalo 6 - Pawtucket 2
BOTTOM OF THE 8TH
Pawtucket Red Sox batting - Pitching for Buffalo Bisons : RHP John Bradley
Batting: LHB Justin Scappaticci 0-0: Swinging Strike
0-1: Swinging Strike
0-2: Strikes out looking
Batting: RHB Carlos Chaidez 0-0: Foul Ball, location: 2F
0-1: Reached on error, E1 (Groundball, 15S, EV 72.5 MPH)
Batting: RHB Cortez Peguero 0-0: Swinging Strike
0-1: Ball
1-1: Ball
2-1: Swinging Strike
2-2: Strikes out looking
Batting: RHB Ryan Rynard 0-0: Ball
1-0: Swinging Strike
1-1: Ball
2-1: Foul Ball, location: 9LDF
2-2: Strikes out swinging
Bottom of the 8th over - 0 runs, 0 hits, 1 error, 1 left on base; Buffalo 6 - Pawtucket 2
TOP OF THE 9TH
Buffalo Bisons batting - Pitching for Pawtucket Red Sox : RHP Jason Moore
Batting: RHB John Johansen 0-0: Swinging Strike
0-1: Ball
1-1: Ball
2-1: Ball
3-1: Swinging Strike
3-2: Foul Ball, location: 7LSF
3-2: Ground out 4-3 (Groundball, 34D, EV 99.4 MPH)
Batting: SHB Matt Gordon 0-0: Called Strike
0-1: Foul Ball, location: 23F
0-2: Ball
1-2: Ball
2-2: Foul Ball, location: 2F
2-2: Strikes out looking
Batting: LHB Ignacio Tirado 0-0: Ball
1-0: Called Strike
1-1: Ball
2-1: Ball
3-1: Swinging Strike
3-2: Strikes out swinging
Top of the 9th over - 0 runs, 0 hits, 0 errors, 0 left on base; Buffalo 6 - Pawtucket 2
BOTTOM OF THE 9TH
Pawtucket Red Sox batting - Pitching for Buffalo Bisons : RHP John Bradley
Batting: SHB Chris Pierce 0-0: SINGLE (Groundball, 4MD, EV 105.6 MPH)
Batting: LHB Tony Vargas 0-0: Called Strike
0-1: Called Strike
0-2: Ball
1-2: Foul Ball, location: 2F
1-2: Foul Ball, location: 3DF
1-2: Strikes out swinging
Pitching: LHP Jon Gonzalez
Pinch Hitting: RHB Mike Tremblay 0-0: Ball
1-0: SINGLE (Groundball, 6MD, EV 107.5 MPH)
Chris Pierce to second
Pitching: RHP Mario Manzo
Batting: RHB Alvaro Madera 0-0: Foul Ball, location: 2F
0-1: Swinging Strike
0-2: Ball
1-2: Foul Ball, location: 9LSF
1-2: Foul Ball, location: 3FF
1-2: Ball
2-2: Ball
3-2: Fly out, F8 (Flyball, 8RXD, EV 107.5 MPH)
Runner from 2nd tags up, SAFE at 3rd, no throw by CF
Batting: RHB Mark Pearson 0-0: Ball
1-0: Foul Ball, location: 5FF
1-1: Ball
2-1: Foul Ball, location: 2F
2-2: Ball
3-2: Foul Ball, location: 3FF
3-2: Base on Balls
Mike Tremblay to second
Batting: LHB Justin Scappaticci 0-0: Reached on error, E4 (Groundball, 4M, EV 105.0 MPH)
Chris Pierce scores
Mike Tremblay to third
Mark Pearson to second
Batting: RHB Carlos Chaidez 0-0: Called Strike
0-1: Foul Ball, location: 2F
0-2: Ground out 4-3 (Groundball, 4, EV 77.5 MPH)
Bottom of the 9th over - 1 run, 2 hits, 1 error, 3 left on base; Buffalo 6 - Pawtucket 3
Sunday, April 7th , 2024 - OOTP Baseball 24.11 Build 85